AoeStats
← lotrjoey

Lombardia

508540436Analyzed
4v4 RM · 10d ago on Sep 22, 2026· 29m 42s· 8 players
Game mode
Random Map
Map size
Large (8 player)
Population
200
Speed
Normal
Resources
Standard
Victory
Conquest
Starting age
Dark Age
Ending age
Imperial Age
RankedLock teamsTeams togetherTeam positionsShared explorationLock speedFull tech treeHidden civsTurbo modeCheats
Victory
Defeat
🇦🇺 Huns · Australia
1097
+14
🇸🇪 Random · Sweden
1095
+14
🇺🇸 Romans · United States
1082
+14
🇦🇷 Teutons · Argentina
1065
+15
🇺🇸 Random · United States
1052
-15
🇺🇸 Franks · United States
1046
-14
🇺🇸 Teutons · United States
1045
-14
🇺🇾 Persians · Uruguay
1041
-14
lotrjoey
5:08 Loom
10:41 Feudal Age
16:07 Castle Age
14:01 Man-at-Arms
15:42 Double-Bit Axe
16:08 Long Swordsman
17:17 Scale Mail Armor
22:20 Chain Mail Armor
22:48 Forging
26:26 Wheelbarrow
26:44 Fletching
27:37 Squires
請給我食物choogran
11:45 Feudal Age
12:34 Horse Collar
12:44 Double-Bit Axe
15:14 Gold Mining
17:28 Castle Age
18:47 Bow Saw
18:42 Heavy Plow
19:27 Forging
20:00 Loom
25:58 Wheelbarrow
25:36 Stone Mining
27:18 Hand Cart
28:39 Bloodlines
29:19 Iron Casting
30:24 Scale Barding Armor
FappingFuriously
1:59 Loom
12:30 Feudal Age
17:14 Castle Age
15:04 Horse Collar
16:28 Bloodlines
16:57 Double-Bit Axe
23:12 Heavy Plow
24:44 Scale Barding Armor
24:50 Forging
29:38 Wheelbarrow
29:50 Bow Saw
Nick
11:02 Feudal Age
16:00 Castle Age
14:30 Double-Bit Axe
19:53 Loom
23:02 Forging
23:58 Bloodlines
23:48 Husbandry
24:11 Husbandry
24:24 Scale Barding Armor
24:27 Husbandry
25:32 Iron Casting
25:49 Chain Barding Armor
27:12 Horse Collar
travis
9:11 Loom
10:57 Feudal Age
11:53 Horse Collar
12:29 Double-Bit Axe
16:44 Castle Age
16:49 Stone Mining
17:40 Bow Saw
17:31 Heavy Plow
18:40 Wheelbarrow
18:45 Stone Shaft Mining
21:03 Forging
20:53 Scale Mail Armor
21:51 Fletching
22:21 Hand Cart
22:33 Bodkin Arrow
24:39 Arson
24:55 Squires
26:48 Masonry
27:23 Gold Mining
Chorpy
6:10 Loom
12:24 Feudal Age
13:20 Horse Collar
13:27 Double-Bit Axe
15:46 Forging
16:02 Bloodlines
16:46 Scale Barding Armor
17:34 Gold Mining
23:34 Castle Age
24:13 Stone Mining
24:13 Pikeman
25:16 Squires
25:45 Scale Mail Armor
25:56 Man-at-Arms
26:22 Gambesons
DesveMX
4:03 Loom
11:46 Feudal Age
12:39 Double-Bit Axe
12:37 Horse Collar
13:00 Town Watch
16:10 Castle Age
15:12 Stone Mining
19:09 Bow Saw
19:51 Heavy Plow
23:07 Wheelbarrow
27:41 Gold Mining
Yams
0:31 Loom
12:07 Feudal Age
13:29 Double-Bit Axe
22:54 Castle Age
22:58 Forging
24:28 Bow Saw
Connection lost

Rejoining the realm…

Still unreachable

The connection could not be restored.

Session expired

The server has moved on; the page needs a fresh start.